 Dungeon Crawl Stone Soup version 0.29-a0-620-g13ace881f2 (webtiles) character file.

Game seed: 4781268958985405427

14 CrazyBamboolord the Skirmisher (level 2, -1/19 HPs)
             Began as a Kobold Fighter on June 18, 2022.
             Succumbed to a kobold's poison
             ... on level 1 of the Dungeon.
             The game lasted 00:01:44 (443 turns).

CrazyBamboolord the Skirmisher (Kobold Fighter)      Turns: 443, Time: 00:01:44

Health: -1/19      AC:  7    Str: 13    XL:     2   Next: 60%
Magic:  2/2        EV: 10    Int:  9    God:
Gold:   24         SH:  7    Dex: 14    Spells: 1/1 levels left

rFire   . . .      SeeInvis .   a - +0 rapier
rCold   . . .      Faith    .   e - +2 buckler
rNeg    . . .      Spirit   .   b - +0 scale mail
rPois   .          Reflect  .   (no helmet)
rElec   .          Harm     .   c - +0 cloak
rCorr   .          Rampage  .   (no gloves)
Will    .....                   (no boots)
Stlth   +.........              (no amulet)
HPRegen 0.06/turn               (no ring)
MPRegen 0.08/turn               (no ring)

@: lethally poisoned (-1 -> -8)
A: small, no large weapons, nightstalker 3
a: no special abilities


You were on level 1 of the Dungeon.
You visited 1 branch of the dungeon, and saw 1 of its levels.

You collected 24 gold pieces.

Inventory:

Hand Weapons
 a - a +0 rapier (weapon)
Armour
 b - a +0 scale mail (worn)
 c - a +0 cloak (worn)
 e - a +2 buckler (worn)
Potions
 d - a potion of might


   Skills:
 * Level 3.6 Fighting
 * Level 3.0 Short Blades
 + Level 2.5 Armour
 * Level 0.4 Dodging
 + Level 2.5 Shields


You had one spell level left.
You didn't know any spells.
Your spell library was empty.

Dungeon Overview and Level Annotations

Branches:
Dungeon (1/15)

Altars:


Innate Abilities, Weirdness & Mutations

You are small and have problems with some larger weapons.
You are completely attuned to the shadows.


Message History

You barely miss the quokka.
The quokka is almost dead.
You block the quokka's attack.
You barely miss the quokka.
The quokka is almost dead.
The quokka bites you.
You puncture the quokka!
You kill the quokka!
No target in view! 2 kobolds come into view.
A kobold is wielding a +1 short sword of venom.
Found a faded altar of an unknown god.
The kobold shouts! x2
There are monsters nearby!
There are monsters nearby!
You closely miss the kobold. The kobold barely misses you.
A rat comes into view.
You hit the kobold but do no damage.
The kobold hits you with a +1 short sword of venom.
You are poisoned.
You block the kobold's attack.
You hit the kobold.
The kobold is severely wounded.
You feel very sick. The kobold closely misses you.
The kobold hits you with a +0 dagger.
You feel sick. You block the kobold's attack.
You feel sick. The rat closely misses you. The kobold attacks as you move away!
You block the kobold's attack.
* * * LOW HITPOINT WARNING * * *
You feel sick.
* * * LOW HITPOINT WARNING * * *
You feel sick.
Okay, then.
* * * LOW HITPOINT WARNING * * *
You feel sick. The kobold attacks as you move away!
The kobold hits you but does no damage.
You are more poisoned.
* * * LOW HITPOINT WARNING * * *
You feel sick.
You die...

#..#.#..#
......###
.
#P.#.#..#
####### .
#.P#.#..#
...
#..#.#.b#
#..
#..#.#.b#
##
#P.#.#..#
#
#PP#.#PP#
##
#PP#.#..#
#.
#..#@#P.#
#.
#P.#.#..#
+.
#..#K#.P#
#.
##.#K#.##
#. # #r#
# ##
####.##
##
......###
##
?........
#[.
#........
..#


You could see 2 kobolds and a rat.

Vanquished Creatures
  A ball python (D:1)
  2 endoplasms (D:1)
  A giant cockroach (D:1)
  2 goblins (D:1)
  A hobgoblin (D:1)
  A kobold (D:1)
  A quokka (D:1)
  3 rats (D:1)
12 creatures vanquished.

Notes
Turn   | Place    | Note
-------+----------+-------------------------------------------
     0 | D:1      | CrazyBamboolord the Kobold Fighter began the quest for the
                  | Orb.
     0 | D:1      | Reached XP level 1. HP: 14/14 MP: 1/1
   211 | D:1      | Reached XP level 2. HP: 19/19 MP: 2/2
   432 | D:1      | Found a faded altar of an unknown god.
   443 | D:1      | Succumbed to a kobold's poison

Illustrated notes

Levels and vault maps discovered:
D:1:      shiori_arrival_elements, layout_basic, serial_aquarium,
          aquarium_bridge_straight [aquarium_subvault_bridge,
          aquarium_subvault_window, aquarium_subvault_bridge,
          aquarium_subvault_wall], aquarium_bridge_straight
          [aquarium_subvault_bridge, aquarium_subvault_wall,
          aquarium_subvault_bridge, aquarium_subvault_window],
          aquarium_window_corner, aquarium_window_corridor_3,
          aquarium_window_fake, aquarium_window_fake, aquarium_view_2c,
          basic_ecumenical_altar, minmay_indecisive_spiral

Skill      XL: |  1  2 |
---------------+-------+-----
Short Blades   | 3 |  3.0
Fighting       | |  3.6
Armour         | |  2.5
Dodging        | |  0.4
Shields        | |  2.5

Action                   || total
-------------------------++-------
Melee: Rapier            ||    29
Armor: Scale mail        ||    10
Dodge: Dodged            ||     7
Block: Buckler           ||     9

Table legend: (Time is in decaauts)
 A = Elapsed time spent in this place.
 B = Non-inter-level travel time spent in this place.
 C = Inter-level travel time spent in this place.
 D = Time resting spent in this place.
 E = Time spent auto-exploring this place.
 F = Levels seen in this place.
 G = Mean time per level.
                   A        B        C        D        E       F      G
               +--------+--------+--------+--------+--------+-----+--------+
         Total |    446 |    432 |     14 |      0 |    338 |   1 |  446.0 |
       Dungeon |    446 |    432 |     14 |      0 |    338 |   1 |  446.0 |
               +--------+--------+--------+--------+--------+-----+--------+

Top non-repeatable levels by time:
     D:1: 446 daAuts
